AoeStats
← HEDEF2023BOR

Arena

509374733Analyzed
4v4 RM · 7d ago on Sep 26, 2026· 47m 26s· 8 players
Game mode
Random Map
Map size
Large (8 player)
Population
200
Speed
Normal
Resources
Standard
Victory
Conquest
Starting age
Dark Age
Ending age
Imperial Age
RankedLock teamsTeams togetherTeam positionsShared explorationLock speedFull tech treeHidden civsTurbo modeCheats
Victory
Defeat
🇹🇷 Byzantines · Türkiye
1033
+14
🇹🇷 Bohemians · Türkiye
1024
+15
🇹🇷 Huns · Türkiye
1022
+15
🇭🇰 Mongols · Hong Kong SAR China
983
+17
🇧🇷 Turks · Brazil
1005
-16
🇦🇷 Maya · Argentina
997
-15
🇨🇳 Persians · China
995
-24
🇨🇦 Vikings · Canada
993
-15
tts.engamb
11:38 Feudal Age
16:33 Castle Age
15:26 Stone Mining
15:18 Horse Collar
15:25 Double-Bit Axe
16:18 Gold Mining
18:44 Loom
31:53 Imperial Age
30:00 Wheelbarrow
29:48 Heavy Plow
30:04 Bow Saw
30:44 Gold Shaft Mining
31:15 Hand Cart
31:39 Forging
31:19 Fletching
31:35 Scale Barding Armor
32:07 Elite Janissary
33:26 Iron Casting
32:46 Bodkin Arrow
33:28 Bodkin Arrow
PushySpoon29648
10:46 Feudal Age
14:51 Castle Age
13:29 Stone Mining
14:03 Double-Bit Axe
17:47 Horse Collar
23:19 Bow Saw
26:29 Ballistics
32:58 Imperial Age
31:07 Wheelbarrow
30:18 Town Watch
31:14 Fletching
31:25 Padded Archer Armor
32:12 Hand Cart
31:57 Town Patrol
32:00 Gold Mining
32:12 Heavy Plow
32:49 Stone Shaft Mining
33:25 Elite Plumed Archer
34:08 Hul'che Javelineers
34:30 Conscription
38:03 Bodkin Arrow
38:23 Leather Archer Armor
AB14
12:11 Feudal Age
16:12 Castle Age
15:44 Double-Bit Axe
16:22 Horse Collar
18:45 Heavy Plow
18:58 Bow Saw
20:48 Gold Mining
23:59 Gold Shaft Mining
29:29 Imperial Age
27:13 Forging
27:03 Scale Mail Armor
27:10 Scale Mail Armor
27:15 Stone Mining
28:41 Loom
28:41 Town Watch
29:37 Iron Casting
29:17 Chain Mail Armor
29:11 Squires
28:56 Arson
29:59 Elite Varangian Guard
30:42 Town Patrol
31:47 Two-Man Saw
31:20 Crop Rotation
31:22 Fortified Wall
33:18 Chieftains
33:40 Conscription
35:18 Blast Furnace
34:49 Plate Mail Armor
33:57 Capped Ram
35:31 Siege Ram
wsxc
11:16 Feudal Age
11:55 Double-Bit Axe
14:55 Castle Age
13:13 Double-Bit Axe
17:38 Horse Collar
22:10 Wheelbarrow
22:57 Forging
22:52 Scale Barding Armor
23:52 Bow Saw
25:42 Heavy Plow
27:02 Hand Cart
28:22 Iron Casting
28:10 Chain Barding Armor
28:09 Gold Mining
30:05 Bloodlines
32:32 Imperial Age
30:59 Husbandry
31:24 Fletching
31:35 Padded Archer Armor
32:17 Gold Shaft Mining
32:23 Bodkin Arrow
32:12 Cavalier
33:55 Ballistics
33:33 Murder Holes
33:46 Loom
34:16 Savar
35:26 Stone Mining
37:37 Blast Furnace
37:13 Plate Barding Armor
39:01 Conscription
$hameles$
2:08 Loom
3:48 Loom
10:52 Feudal Age
17:08 Castle Age
15:51 Double-Bit Axe
16:43 Gold Mining
22:16 Bow Saw
23:26 Stone Mining
24:54 Horse Collar
25:59 Gold Shaft Mining
26:40 Stone Shaft Mining
26:43 Wheelbarrow
28:10 Hand Cart
32:46 Imperial Age
30:40 Heavy Plow
30:48 Scale Barding Armor
30:53 Forging
32:30 Husbandry
34:05 Crop Rotation
34:37 Two-Man Saw
33:41 Elite Cataphract
34:32 Logistica
34:42 Conscription
34:31 Treadmill Crane
35:02 Fortified Wall
37:22 Chain Barding Armor
37:38 Iron Casting
46:56 Plate Barding Armor
KILorKİLL
11:11 Feudal Age
13:05 Double-Bit Axe
15:50 Castle Age
17:09 Bow Saw
22:17 Wheelbarrow
24:04 Chemistry
26:01 Hand Cart
30:11 Imperial Age
29:45 Ballistics
29:17 Fletching
29:28 Padded Archer Armor
29:53 Wagenburg Tactics
29:57 Bodkin Arrow
30:56 Leather Archer Armor
31:12 Houfnice
33:16 Ring Archer Armor
34:33 Bracer
37:00 Elite Hussite Wagon
HEDEF2023BOR
11:33 Feudal Age
13:15 Double-Bit Axe
15:33 Castle Age
16:53 Bow Saw
21:07 Gold Mining
21:00 Horse Collar
22:25 Wheelbarrow
22:48 Stone Mining
26:49 Gold Shaft Mining
29:16 Imperial Age
27:12 Hand Cart
27:24 Scale Barding Armor
27:30 Forging
27:11 Loom
27:54 Heavy Plow
29:02 Chain Barding Armor
28:33 Town Watch
29:59 Iron Casting
29:49 Elite Tarkan
30:33 Marauders
30:54 Conscription
31:18 Plate Barding Armor
31:42 Bloodlines
31:32 Husbandry
32:30 Atheism
33:28 Blast Furnace
44:15 Two-Man Saw
kongqman
2:10 Loom
9:49 Feudal Age
10:39 Double-Bit Axe
17:44 Castle Age
16:35 Fletching
17:31 Forging
18:05 Scale Barding Armor
21:52 Horse Collar
26:04 Heavy Plow
28:44 Ballistics
29:28 Wheelbarrow
29:40 Town Watch
33:43 Imperial Age
31:02 Elite Skirmisher
31:42 Bodkin Arrow
32:54 Fortified Wall
33:05 Husbandry
34:54 Bow Saw
36:01 Conscription
37:46 Chemistry
36:25 Pikeman
38:25 Iron Casting
37:53 Squires
40:57 Bloodlines
40:07 Light Cavalry
42:32 Elite Steppe Lancer
45:21 Blast Furnace
45:15 Chain Barding Armor
46:03 Arson
Connection lost

Rejoining the realm…

Still unreachable

The connection could not be restored.

Session expired

The server has moved on; the page needs a fresh start.